 Dungeon Crawl Stone Soup version 0.28-a0-595-g9f6c0e134a (webtiles) character file.

Game seed: 14111790419578775956

516 kipponium the Cutter (level 7, -19/60 HPs)
             Began as a Gnoll Cinder Acolyte on Oct 4, 2021.
             Was a High Priest of Ignis.
             Demolished by a two-headed ogre (23 damage)
             ... on level 5 of the Dungeon.
             The game lasted 00:12:29 (4120 turns).

kipponium the Cutter (Gnoll Cinder Acolyte)         Turns: 4120, Time: 00:12:30

Health: -19/60     AC:  8    Str: 14    XL:     7   Next: 20%
Magic:  0/12       EV: 12    Int: 21    God:    Ignis [*****.]
Gold:   241        SH:  0    Dex: 13    Spells: 7/13 levels left

rFire   + . .      SeeInvis .   x - +0 dagger (speed)
rCold   . . .      Faith    .   (no shield)
rNeg    . . .      Spirit   .   n - +2 robe {Will+}
rPois   .          Reflect  .   (no helmet)
rElec   .          Harm     .   t - +2 cloak
rCorr   .          Rampage  .   (no gloves)
Will    +....                   p - +0 pair of boots
Stlth   ++........              (no amulet)
HPRegen 0.20/turn               c - +6 ring of intelligence
MPRegen 0.13/turn               y - +6 ring of dexterity

@: no status effects
A: fangs 1, strong nose, distributed training
a: Renounce Religion, Sea of Fire, Foxfire Swarm, Rising Flame


You were on level 5 of the Dungeon.
You worshipped Ignis.
Ignis was extremely pleased with you.
You visited 1 branch of the dungeon, and saw 5 of its levels.
You also visited: Sewer.

You collected 241 gold pieces.

Inventory:

Hand Weapons
 a - a -1 short sword of flaming
 j - a +0 hunting sling
 r - a +1 dagger of freezing
 x - a +0 dagger of speed (weapon)
Missiles
 d - 3 poisoned darts (quivered)
 k - 78 stones
Armour
 n - a +2 robe of willpower (worn)
 p - a +0 pair of boots (worn)
 t - a +2 cloak (worn)
Jewellery
 c - a +6 ring of intelligence (left hand)
 e - a +4 ring of evasion
 h - a ring of resist corrosion
 y - a +6 ring of dexterity (right hand)
Wands
 s - a wand of polymorph (24)
Scrolls
 b - 2 scrolls of summoning {unknown}
 l - 2 scrolls of fear {unknown}
 m - a scroll of teleportation
 q - 2 scrolls of amnesia {unknown}
 u - a scroll of identify
 v - a scroll of enchant weapon {unknown}
 w - a scroll of brand weapon {unknown}
Potions
 f - a potion of flight
 g - a potion of attraction {unknown}
 i - a potion of magic
 o - a potion of resistance
 z - a potion of cancellation {unknown}


   Skills:
 + Level 7.0 Fighting
 + Level 7.0 Short Blades
 + Level 2.3 Long Blades
 + Level 2.3 Axes
 + Level 2.3 Maces & Flails
 + Level 2.3 Polearms
 + Level 2.3 Staves
 + Level 2.3 Slings
 + Level 2.3 Bows
 + Level 2.3 Crossbows
 + Level 2.3 Throwing
 + Level 2.3 Armour
 + Level 2.3 Dodging
 + Level 2.3 Stealth
 + Level 2.3 Shields
 + Level 2.3 Unarmed Combat
 + Level 3.7 Spellcasting
 + Level 1.9 Conjurations
 + Level 1.9 Hexes
 + Level 1.9 Summonings
 + Level 1.9 Necromancy
 + Level 1.9 Translocations
 + Level 1.9 Transmutations
 + Level 5.8 Fire Magic
 + Level 1.9 Ice Magic
 + Level 1.9 Air Magic
 + Level 1.9 Earth Magic
 + Level 1.9 Poison Magic
 + Level 2.5 Invocations
 + Level 2.3 Evocations


You had 7 spell levels left.
You knew the following spells:

 Your Spells              Type           Power      Damage    Failure   Level
a - Scorch                Fire           56%        2d7       1%          2
b - Flame Wave            Conj/Fire      20%        3d6       26%         4

Your spell library contained the following spells:

 Spells                   Type           Power      Damage    Failure   Level
 Petrify                  Tmut/Erth      11%        N/A       50%         4
 Metabolic Englaciation   Hex/Ice        5%         N/A       83%         5
 Statue Form              Tmut/Erth      7%         N/A       100%        6
 Summon Cactus Giant      Summ           5%         N/A       100%        6


Dungeon Overview and Level Annotations

Branches:
Dungeon (5/15)              Sewer (visited)
 Temple: D:4-7

Altars:
Xom


Innate Abilities, Weirdness & Mutations

You have very sharp teeth.
Your uncanny sense of smell can sniff out nearby items.
Your experience applies equally to all skills.


Message History

The bat is moderately wounded.
The bat closely misses you. The bat hits you but does no damage.
You closely miss the bat.
The bat is moderately wounded.
The bat closely misses you. The bat hits you but does no damage.
The bat hits you but does no damage. x2
Okay, then.
Casting: Scorch (safe; 1% risk of failure)
Confirm with . or Enter, or press ? or * to list all spells.
Flames lash the bat.
You kill the bat!
The bat hits you but does no damage.
Casting: Scorch (safe; 1% risk of failure)
Confirm with . or Enter, or press ? or * to list all spells.
Flames lash the two-headed ogre.
The two-headed ogre is lightly wounded.
The two-headed ogre's fire resistance burns away.
The bat barely misses you.
A bat comes into view.
The bat hits you but does no damage. The bat barely misses you. x2
Casting: Scorch (safe; 1% risk of failure)
Confirm with . or Enter, or press ? or * to list all spells.
Flames lash the bat.
You kill the bat!
Casting: Scorch (safe; 1% risk of failure)
Confirm with . or Enter, or press ? or * to list all spells.
Flames lash the two-headed ogre.
The two-headed ogre is burned terribly!
The two-headed ogre is moderately wounded.
The two-headed ogre hits you with a +0 giant club!!
The two-headed ogre closely misses you.
Casting: Scorch (safe; 1% risk of failure)
Confirm with . or Enter, or press ? or * to list all spells.
Flames lash the two-headed ogre.
The two-headed ogre is burned terribly!
The two-headed ogre is moderately wounded.
The two-headed ogre hits you with a +0 giant club!!
Ouch! That really hurt!
* * * LOW HITPOINT WARNING * * *
The two-headed ogre hits you with a +0 giant club!!
You die... ....................>.#.####..... ...........##....##[.##..#.....# ......#..#.#......##..#.b.).# .........#........#.....†...# ...#.....##......###.....##.# #..##...........#......### .b #.............###..#### .b# #.............#.O.## bb#

###.............@######## ##
#.#.....>.......### #...###
..#.............#.###.....##
..[...................##.#.##
....................#....#..# .
.....###............#.......###..
....###.......#..................
.............##..............###.
#...#...)........#...........##


You could see a two-headed ogre (combustible).

Vanquished Creatures
  A water moccasin (Sewer)
  A phantom (D:4)
  A centaur skeleton (D:4)
  An orc priest (D:3)
  A bullfrog skeleton (D:3)
  An iguana (D:5)
  An orc wizard (D:3)
  A hound zombie (D:5)
  6 adders
  An adder skeleton (D:4)
  11 orcs
  10 endoplasms
  3 giant cockroaches
  13 goblins
  7 hobgoblins
  11 jackals
  2 quokkas
  9 ball pythons
  10 bats
  3 frilled lizards
  11 kobolds
  4 rats
109 creatures vanquished.

Vanquished Creatures (others)
  An adder (D:3)
  A dart slug (D:3)
  7 foxfires (D:3)
9 creatures vanquished.

Grand Total: 118 creatures vanquished

Notes
Turn   | Place    | Note
-------+----------+-------------------------------------------
     0 | D:1      | kipponium the Gnoll Cinder Acolyte began the quest for the
                  | Orb.
     0 | D:1      | Reached XP level 1. HP: 23/23 MP: 4/4
   270 | D:1      | Reached XP level 2. HP: 29/29 MP: 5/5
   282 | D:1      | Learned a level 2 spell: Scorch
   881 | D:2      | Reached XP level 3. HP: 35/35 MP: 1/7
  1140 | D:2      | Reached skill level 1 in Invocations
  1406 | D:3      | Reached skill level 1 in Long Blades
  1406 | D:3      | Reached skill level 1 in Axes
  1406 | D:3      | Reached skill level 1 in Maces & Flails
  1406 | D:3      | Reached skill level 1 in Polearms
  1406 | D:3      | Reached skill level 1 in Staves
  1406 | D:3      | Reached skill level 1 in Slings
  1406 | D:3      | Reached skill level 1 in Bows
  1406 | D:3      | Reached skill level 1 in Crossbows
  1406 | D:3      | Reached skill level 1 in Throwing
  1406 | D:3      | Reached skill level 1 in Armour
  1406 | D:3      | Reached skill level 1 in Dodging
  1406 | D:3      | Reached skill level 1 in Stealth
  1406 | D:3      | Reached skill level 1 in Shields
  1406 | D:3      | Reached skill level 1 in Unarmed Combat
  1406 | D:3      | Reached skill level 1 in Evocations
  1900 | D:3      | Reached XP level 4. HP: 41/41 MP: 5/8
  2021 | D:3      | Reached skill level 1 in Conjurations
  2021 | D:3      | Reached skill level 1 in Hexes
  2021 | D:3      | Reached skill level 1 in Summonings
  2021 | D:3      | Reached skill level 1 in Necromancy
  2021 | D:3      | Reached skill level 1 in Translocations
  2021 | D:3      | Reached skill level 1 in Transmutations
  2021 | D:3      | Reached skill level 1 in Ice Magic
  2021 | D:3      | Reached skill level 1 in Air Magic
  2021 | D:3      | Reached skill level 1 in Earth Magic
  2021 | D:3      | Reached skill level 1 in Poison Magic
  2035 | D:3      | Reached XP level 5. HP: 27/47 MP: 1/9
  2041 | D:3      | Found a glowing drain.
  2050 | Sewer    | Entered a sewer
  2183 | Sewer    | Learned a level 4 spell: Flame Wave
  2281 | Sewer    | Noticed a water moccasin
  2287 | Sewer    | Killed a water moccasin
  2288 | Sewer    | Reached XP level 6. HP: 39/53 MP: 1/11
  2796 | D:3      | Found a shimmering altar of Xom.
  3766 | D:5      | Entered Level 5 of the Dungeon
  3797 | D:4      | Reached XP level 7. HP: 51/59 MP: 1/12
  4080 | D:5      | Noticed a two-headed ogre
  4120 | D:5      | Demolished by a two-headed ogre

Illustrated notes

Levels and vault maps discovered:
D:1:      dpeg_arrival_windows_large_door, layout_rooms, minmay_pentomino_x4
D:2:      layout_basic
D:3:      layout_loops_ring, xom_confusion_cloud, cheibrodos_sewer_entry_sluice
D:4:      layout_gridville, minmay_misc_feat_pillars, kennysheep_path_1,
          eino_tiny_chamber, minmay_misc_feat_rows
D:5:      layout_cave_pools, lemuel_temple_firewalk_b, serial_shops,
          nicolae_stop_n_shop_2, roderic_batcave

Skill      XL: |  1  2  3  4  5  6  7 |
---------------+----------------------+-----
Invocations    | 1 2 |  2.5
Long Blades    | 1 2 |  2.3
Axes           | 1 2 |  2.3
Maces & Flails | 1 2 |  2.3
Polearms       | 1 2 |  2.3
Staves         | 1 2 |  2.3
Slings         | 1 2 |  2.3
Bows           | 1 2 |  2.3
Crossbows      | 1 2 |  2.3
Throwing       | 1 2 |  2.3
Armour         | 1 2 |  2.3
Dodging        | 1 2 |  2.3
Stealth        | 1 2 |  2.3
Shields        | 1 2 |  2.3
Unarmed Combat | 1 2 |  2.3
Evocations     | 1 2 |  2.3
Spellcasting   | 3 |  3.7
Conjurations   | 1 |  1.9
Hexes          | 1 |  1.9
Summonings     | 1 |  1.9
Necromancy     | 1 |  1.9
Translocations | 1 |  1.9
Transmutations | 1 |  1.9
Ice Magic      | 1 |  1.9
Air Magic      | 1 |  1.9
Earth Magic    | 1 |  1.9
Poison Magic   | 1 |  1.9
Fighting       | 7 |  7.0
Short Blades   | 7 |  7.0
Fire Magic     | |  5.8

Action                   |  1- 3 |  4- 6 |  7- 9 || total
-------------------------+-------+-------+-------++-------
Melee: Short sword       |    51 |    73 |       ||   124
       Bite              |     4 |     5 |     3 ||    12
       Dagger            |       |    36 |    23 ||    59
       Punch             |       |     2 |       ||     2
 Cast: Scorch            |    27 |    44 |    12 ||    83
       Flame Wave        |       |     2 |       ||     2
Invok: Foxfire Swarm     |       |     1 |       ||     1
  Use: Scroll            |     3 |     2 |       ||     5
Armor: Robe              |     8 |    31 |    24 ||    63
Dodge: Dodged            |    29 |    73 |    25 ||   127

Table legend: (Time is in decaauts)
 A = Elapsed time spent in this place.
 B = Non-inter-level travel time spent in this place.
 C = Inter-level travel time spent in this place.
 D = Time resting spent in this place.
 E = Time spent auto-exploring this place.
 F = Levels seen in this place.
 G = Mean time per level.
                   A        B        C        D        E       F      G
               +--------+--------+--------+--------+--------+-----+--------+
         Total |   4069 |   3902 |    167 |   1062 |   1892 |   6 |  678.2 |
       Dungeon |   3657 |   3490 |    167 |    812 |   1892 |   5 |  731.4 |
         Sewer |    411 |    411 |      0 |    250 |      0 |   1 |  411.0 |
               +--------+--------+--------+--------+--------+-----+--------+

Top non-repeatable levels by time:
     D:2: 1006 daAuts
     D:3: 882 daAuts
     D:1: 813 daAuts
     D:4: 727 daAuts
   Sewer: 411 daAuts
     D:5: 228 daAuts
